| TOP OF THE 1ST |
|
Delmarva Shorebirds batting - Pitching for Kannapolis Intimidators : RHP Tom Daniels
|
|
Pitching: RHP Tom Daniels
|
|
|
Batting: LHB Eric Jackson
|
0-0: Called Strike 0-1: Called Strike 0-2: Strikes out swinging
|
|
Batting: LHB Tim Mulholland
|
0-0: Ball 1-0: Ball 2-0: Ground out 6-3 (Groundball, 6, EV 81.2 MPH)
|
|
Batting: RHB Danny Merrill
|
0-0: Ball 1-0: Foul Ball, location: 2F 1-1: Ground out 6-3 (Groundball, 6, EV 86.9 MPH)
|
| Top of the 1st over - 0 runs, 0 hits, 0 errors, 0 left on base; Delmarva 0 - Kannapolis 0 |
| BOTTOM OF THE 1ST |
|
Kannapolis Intimidators batting - Pitching for Delmarva Shorebirds : LHP Ace Ventura
|
|
Pitching: LHP Ace Ventura
|
|
|
Batting: LHB Jamel Alexander
|
0-0: Ground out 3-1 (Groundball, 34S, EV 90.0 MPH)
|
|
Batting: RHB Josiah Wright
|
0-0: Ball 1-0: Ball 2-0: Fly out, F8 (Line Drive, 8LD, EV 92.5 MPH)
|
|
Batting: SHB Ruben Velasco Jr.
|
0-0: Ball 1-0: Foul Ball, location: 2F 1-1: Foul Ball, location: 2F 1-2: Foul Ball, location: 2F 1-2: Ball 2-2: Ball 3-2: Ground out U3 (Groundball, 34, EV 90.6 MPH)
|
| Bottom of the 1st over - 0 runs, 0 hits, 0 errors, 0 left on base; Delmarva 0 - Kannapolis 0 |
| TOP OF THE 2ND |
|
Delmarva Shorebirds batting - Pitching for Kannapolis Intimidators : RHP Tom Daniels
|
|
Batting: LHB Mike Sloan
|
0-0: Called Strike 0-1: Ground out 4-3 (Groundball, 4S, EV 82.5 MPH)
|
|
Batting: SHB Jared Boyce
|
0-0: Foul Ball, location: 2F 0-1: Ball 1-1: Called Strike 1-2: Ball 2-2: Strikes out looking
|
|
Batting: RHB Antonio Gamez
|
0-0: Fly out, F8 (Flyball, 89M, EV 84.4 MPH)
|
| Top of the 2nd over - 0 runs, 0 hits, 0 errors, 0 left on base; Delmarva 0 - Kannapolis 0 |
| BOTTOM OF THE 2ND |
|
Kannapolis Intimidators batting - Pitching for Delmarva Shorebirds : LHP Ace Ventura
|
|
Batting: RHB Vic Lucatero
|
0-0: Fly out, F7 (Line Drive, 7D, EV 83.1 MPH)
|
|
Batting: LHB Robert Rauda
|
0-0: Fly out, F7 (Line Drive, 7, EV 89.4 MPH)
|
|
Batting: RHB Jeff Cox
|
0-0: Ground out 4-3 (Groundball, 4, EV 80.0 MPH)
|
| Bottom of the 2nd over - 0 runs, 0 hits, 0 errors, 0 left on base; Delmarva 0 - Kannapolis 0 |
| TOP OF THE 3RD |
|
Delmarva Shorebirds batting - Pitching for Kannapolis Intimidators : RHP Tom Daniels
|
|
Batting: SHB Eric Tiehen
|
0-0: Called Strike 0-1: Ground out U3 (Groundball, 3, EV 102.5 MPH)
|
|
Batting: LHB Bill Ostlund
|
0-0: Ball 1-0: Ball 2-0: Called Strike 2-1: Foul Ball, location: 2F 2-2: Ball 3-2: Foul Ball, location: 2F 3-2: Strikes out swinging
|
|
Batting: RHB Lee Deason
|
0-0: Called Strike 0-1: Ground out 5-3 (Groundball, 56, EV 81.9 MPH)
|
| Top of the 3rd over - 0 runs, 0 hits, 0 errors, 0 left on base; Delmarva 0 - Kannapolis 0 |
| BOTTOM OF THE 3RD |
|
Kannapolis Intimidators batting - Pitching for Delmarva Shorebirds : LHP Ace Ventura
|
|
Batting: SHB Josh Conner
|
0-0: Ball 1-0: Ball 2-0: Ball 3-0: Called Strike 3-1: Foul Ball, location: 2F 3-2: Fly out, F9 (Flyball, 89D, EV 83.8 MPH)
|
|
Batting: RHB Tyrell Camp
|
0-0: Foul Ball, location: 2F 0-1: Foul Ball, location: 2F 0-2: Foul Ball, location: 2F 0-2: Strikes out swinging
|
|
Batting: RHB Egidius Kruger
|
0-0: Foul Ball, location: 2F 0-1: Ball 1-1: Ball 2-1: SINGLE (Groundball, 6MD, EV 105.0 MPH)
|
|
Batting: LHB Jamel Alexander
|
0-0: Foul Ball, location: 2F 0-1: Swinging Strike 0-2: Strikes out swinging
|
| Bottom of the 3rd over - 0 runs, 1 hit, 0 errors, 1 left on base; Delmarva 0 - Kannapolis 0 |
| TOP OF THE 4TH |
|
Delmarva Shorebirds batting - Pitching for Kannapolis Intimidators : RHP Tom Daniels
|
|
Batting: LHB Eric Jackson
|
0-0: Foul Ball, location: 2F 0-1: Ball 1-1: Swinging Strike 1-2: Ball 2-2: Ball 3-2: Base on Balls
|
|
Batting: LHB Tim Mulholland
|
0-0: Fly out, F8 (Flyball, 8LD, EV 99.4 MPH)
|
|
Batting: RHB Danny Merrill
|
0-0: Called Strike Eric Jackson steals 2nd base 0-1: Ground out 3-1 (Groundball, 34, EV 95.0 MPH) Eric Jackson to third
|
|
Batting: LHB Mike Sloan
|
0-0: Ball 1-0: Called Strike 1-1: Ball 2-1: SINGLE (Groundball, 6D, EV 94.4 MPH) Eric Jackson scores
|
|
Batting: SHB Jared Boyce
|
0-0: Ball 1-0: Fielders Choice at 2nd, 5-4 (Groundball, 56, EV 82.5 MPH)
|
| Top of the 4th over - 1 run, 1 hit, 0 errors, 1 left on base; Delmarva 1 - Kannapolis 0 |
| BOTTOM OF THE 4TH |
|
Kannapolis Intimidators batting - Pitching for Delmarva Shorebirds : LHP Ace Ventura
|
|
Batting: RHB Josiah Wright
|
0-0: Ball 1-0: Foul Ball, location: 2F 1-1: Ball 2-1: Fly out, F9 (Flyball, 9, EV 92.5 MPH)
|
|
Batting: SHB Ruben Velasco Jr.
|
0-0: Foul Ball, location: 2F 0-1: Ball 1-1: Fly out, F9 (Flyball, 89M, EV 74.4 MPH)
|
|
Batting: RHB Vic Lucatero
|
0-0: SINGLE (Groundball, 34S, EV 68.1 MPH) (infield hit)
|
|
Batting: LHB Robert Rauda
|
0-0: Ground out 1-3 (Groundball, 15S, EV 66.9 MPH)
|
| Bottom of the 4th over - 0 runs, 1 hit, 0 errors, 1 left on base; Delmarva 1 - Kannapolis 0 |
| TOP OF THE 5TH |
|
Delmarva Shorebirds batting - Pitching for Kannapolis Intimidators : RHP Tom Daniels
|
|
Batting: RHB Antonio Gamez
|
0-0: Ground out U3 (Groundball, 3, EV 103.1 MPH)
|
|
Batting: SHB Eric Tiehen
|
0-0: Fly out, F9 (Flyball, 9LM, EV 89.4 MPH)
|
|
Batting: LHB Bill Ostlund
|
0-0: Called Strike 0-1: Foul Ball, location: 2F 0-2: Foul Ball, location: 2F 0-2: Ball 1-2: Ball 2-2: Ball 3-2: Base on Balls
|
|
Batting: RHB Lee Deason
|
0-0: Foul Ball, location: 2F 0-1: Swinging Strike 0-2: Ball 1-2: Strikes out swinging
|
| Top of the 5th over - 0 runs, 0 hits, 0 errors, 1 left on base; Delmarva 1 - Kannapolis 0 |
| BOTTOM OF THE 5TH |
|
Kannapolis Intimidators batting - Pitching for Delmarva Shorebirds : LHP Ace Ventura
|
|
Batting: RHB Jeff Cox
|
0-0: Called Strike 0-1: Ball 1-1: Ball 2-1: Ball 3-1: SINGLE (Groundball, 56D, EV 95.0 MPH)
|
|
Batting: SHB Josh Conner
|
0-0: Ball 1-0: Ball 2-0: Ball 3-0: Base on Balls Jeff Cox to second
|
|
Batting: RHB Tyrell Camp
|
0-0: Called Strike 0-1: Grounds into double play, 6-4-3 (Groundball, 6, EV 84.4 MPH) Jeff Cox to third
|
|
Batting: RHB Egidius Kruger
|
0-0: Called Strike 0-1: SINGLE (Groundball, 56, EV 80.6 MPH) (infield hit) Jeff Cox scores
|
|
Batting: LHB Jamel Alexander
|
0-0: Called Strike 0-1: Ball 1-1: Ball 2-1: SINGLE (Groundball, 6MD, EV 106.9 MPH) Egidius Kruger to second
|
|
Batting: RHB Josiah Wright
|
0-0: Ball 1-0: Called Strike 1-1: Foul Ball, location: 2F 1-2: Ball 2-2: Strikes out looking
|
| Bottom of the 5th over - 1 run, 3 hits, 0 errors, 2 left on base; Delmarva 1 - Kannapolis 1 |
| TOP OF THE 6TH |
|
Delmarva Shorebirds batting - Pitching for Kannapolis Intimidators : RHP Tom Daniels
|
|
Batting: LHB Eric Jackson
|
0-0: Ball 1-0: Swinging Strike 1-1: Ball 2-1: DOUBLE (Line Drive, 89XD, EV 110.6 MPH)
|
|
Batting: LHB Tim Mulholland
|
0-0: Ball 1-0: Ground out 5-3 (Groundball, 25, EV 86.2 MPH)
|
|
Batting: RHB Danny Merrill
|
0-0: Foul Ball, location: 2F 0-1: Ball 1-1: Ball 2-1: Foul Ball, location: 2F 2-2: Ball 3-2: 2-RUN HOME RUN (Line Drive, 7LD, EV 93.8 MPH), Distance : 336 ft
|
|
Batting: LHB Mike Sloan
|
0-0: Ball 1-0: Ball 2-0: Ball 3-0: Base on Balls
|
|
Batting: SHB Jared Boyce
|
0-0: Ball 1-0: Foul Ball, location: 2F 1-1: Foul Ball, location: 2F 1-2: SINGLE (Groundball, 3D, EV 102.5 MPH) Mike Sloan to second
|
|
Batting: RHB Antonio Gamez
|
0-0: Ball 1-0: Ball 2-0: Foul Ball, location: 2F 2-1: SINGLE (Line Drive, 78S, EV 88.8 MPH) Mike Sloan to third Jared Boyce to second
|
|
Batting: SHB Eric Tiehen
|
0-0: Ball 1-0: Grounds into fielders choice 4-2 (Groundball, 4, EV 87.5 MPH) Jared Boyce to third Antonio Gamez to second
|
|
Batting: LHB Bill Ostlund
|
0-0: Called Strike 0-1: Ball 1-1: Ball 2-1: Ball 3-1: Base on Balls Jared Boyce scores Antonio Gamez to third Eric Tiehen to second
|
|
Batting: RHB Lee Deason
|
0-0: Ball 1-0: Ball 2-0: Ball 3-0: Fly out, F9 (Line Drive, 9, EV 99.4 MPH)
|
| Top of the 6th over - 3 runs, 4 hits, 0 errors, 3 left on base; Delmarva 4 - Kannapolis 1 |
| BOTTOM OF THE 6TH |
|
Kannapolis Intimidators batting - Pitching for Delmarva Shorebirds : LHP Ace Ventura
|
|
Batting: SHB Ruben Velasco Jr.
|
0-0: Called Strike 0-1: Ball 1-1: Ball 2-1: SINGLE (Groundball, 56S, EV 67.5 MPH) (infield hit)
|
|
Batting: RHB Vic Lucatero
|
0-0: Ball 1-0: Swinging Strike 1-1: Ball 2-1: SINGLE (Groundball, 56S, EV 66.2 MPH) (infield hit) Ruben Velasco Jr. to second
|
|
Batting: LHB Robert Rauda
|
0-0: SINGLE (Groundball, 56D, EV 100.0 MPH) Ruben Velasco Jr. to third Vic Lucatero to second
|
|
Batting: RHB Jeff Cox
|
0-0: Ball 1-0: Ball 2-0: Ball 3-0: Base on Balls Ruben Velasco Jr. scores Vic Lucatero to third Robert Rauda to second
|
|
Batting: SHB Josh Conner
|
0-0: Grounds into fielders choice 4-2 (Groundball, 4, EV 83.8 MPH) Robert Rauda to third Jeff Cox to second
|
|
Batting: RHB Tyrell Camp
|
0-0: Ball Balk! Robert Rauda scores Jeff Cox to third Josh Conner to second 1-0: Ball 2-0: Swinging Strike 2-1: Fly out, F8 (Flyball, 8RD, EV 90.6 MPH)
|
|
Batting: RHB Egidius Kruger
|
0-0: Ball 1-0: Ground out 5-3 (Groundball, 56S, EV 82.5 MPH)
|
| Bottom of the 6th over - 2 runs, 3 hits, 0 errors, 2 left on base; Delmarva 4 - Kannapolis 3 |
| TOP OF THE 7TH |
|
Delmarva Shorebirds batting - Pitching for Kannapolis Intimidators : RHP Tom Daniels
|
|
Batting: LHB Eric Jackson
|
0-0: Foul Ball, location: 2F 0-1: Swinging Strike 0-2: Strikes out swinging
|
|
Batting: LHB Tim Mulholland
|
0-0: Called Strike 0-1: Swinging Strike 0-2: Strikes out swinging
|
|
Batting: RHB Danny Merrill
|
0-0: Foul Ball, location: 2F 0-1: Foul Ball, location: 2F 0-2: Ball 1-2: Foul Ball, location: 2F 1-2: Ball 2-2: Ball 3-2: SINGLE (Groundball, 56S, EV 73.8 MPH) (infield hit)
|
|
Pitching: RHP Toby Riley
|
|
|
Batting: LHB Mike Sloan
|
0-0: Called Strike Danny Merrill steals 2nd base 0-1: Foul Ball, location: 2F 0-2: Ball 1-2: Strikes out looking
|
| Top of the 7th over - 0 runs, 1 hit, 0 errors, 1 left on base; Delmarva 4 - Kannapolis 3 |
| BOTTOM OF THE 7TH |
|
Kannapolis Intimidators batting - Pitching for Delmarva Shorebirds : LHP Ace Ventura
|
|
Pitching: LHP Juan Becerra
|
|
|
Now at 2B: Lee Deason
|
|
|
Now at SS: Francisco Viera
|
|
|
Now in LF: Alvaro Palacio
|
|
|
Pinch Hitting: RHB Benny O'Connor
|
0-0: Ball 1-0: Foul Ball, location: 2F 1-1: Swinging Strike 1-2: Ball 2-2: Foul Ball, location: 2F 2-2: Ball 3-2: Strikes out swinging
|
|
Batting: RHB Josiah Wright
|
0-0: Ball 1-0: Called Strike 1-1: Called Strike 1-2: Strikes out swinging
|
|
Batting: SHB Ruben Velasco Jr.
|
0-0: Ball 1-0: Foul Ball, location: 2F 1-1: Foul Ball, location: 2F 1-2: Foul Ball, location: 2F 1-2: Strikes out swinging
|
| Bottom of the 7th over - 0 runs, 0 hits, 0 errors, 0 left on base; Delmarva 4 - Kannapolis 3 |
| TOP OF THE 8TH |
|
Delmarva Shorebirds batting - Pitching for Kannapolis Intimidators : RHP Toby Riley
|
|
Now in CF: Adam Lambert
|
|
|
Batting: SHB Jared Boyce
|
0-0: Ball 1-0: Ball 2-0: Ball 3-0: Base on Balls
|
|
Batting: RHB Francisco Viera
|
0-0: Ball 1-0: Sac Bunt to 5S - play at first, batter OUT! 5-4 Jared Boyce to second
|
|
Pinch Hitting: LHB Justin Moore
|
0-0: Called Strike 0-1: SINGLE (Groundball, 56D, EV 98.8 MPH) Jared Boyce to third Runner from 3rd tries for Home, SAFE, throw by LF to home
|
|
Batting: LHB Bill Ostlund
|
0-0: Ball 1-0: Foul Ball, location: 2F 1-1: Ball 2-1: Fielders Choice at 2nd, 6-4 (Groundball, 6M, EV 85.0 MPH)
|
|
Batting: RHB Lee Deason
|
0-0: Called Strike 0-1: Ball Wild Pitch! Bill Ostlund to second 1-1: Swinging Strike Passed Ball! Bill Ostlund to third 1-2: Ball 2-2: Ball 3-2: Strikes out looking
|
| Top of the 8th over - 1 run, 1 hit, 0 errors, 1 left on base; Delmarva 5 - Kannapolis 3 |
| BOTTOM OF THE 8TH |
|
Kannapolis Intimidators batting - Pitching for Delmarva Shorebirds : LHP Juan Becerra
|
|
Now at 3B: Jorge Brito
|
|
|
Batting: RHB Vic Lucatero
|
0-0: Ball 1-0: Ball 2-0: Called Strike 2-1: Swinging Strike 2-2: Ball 3-2: Strikes out swinging
|
|
Pinch Hitting: RHB Mark Jones
|
0-0: Foul Ball, location: 2F 0-1: Called Strike 0-2: Strikes out looking
|
|
Batting: RHB Jeff Cox
|
0-0: Ball 1-0: Ground out 6-3 (Groundball, 6, EV 100.6 MPH)
|
| Bottom of the 8th over - 0 runs, 0 hits, 0 errors, 0 left on base; Delmarva 5 - Kannapolis 3 |
| TOP OF THE 9TH |
|
Delmarva Shorebirds batting - Pitching for Kannapolis Intimidators : RHP Toby Riley
|
|
Pitching: RHP Ron Knowles
|
|
|
Now at 2B: Mark Jones
|
|
|
Now in LF: Adam Lambert
|
|
|
Now in CF: Ruben Velasco Jr.
|
|
|
Batting: LHB Eric Jackson
|
0-0: Ball 1-0: Ball 2-0: Ball 3-0: Called Strike 3-1: Base on Balls
|
|
Batting: LHB Tim Mulholland
|
0-0: Ball Wild Pitch! Eric Jackson to second 1-0: Intentional Walk
|
|
Batting: SHB Alvaro Palacio
|
0-0: Ball 1-0: Foul Ball, location: 2F 1-1: Fielders Choice at 2nd, 4-6 (Groundball, 4, EV 78.8 MPH) Eric Jackson to third
|
|
Batting: LHB Mike Sloan
|
0-0: Ball 1-0: Ball 2-0: Ball 3-0: Called Strike 3-1: Called Strike 3-2: Foul Ball, location: 2F 3-2: SINGLE (Line Drive, 56, EV 98.1 MPH) Eric Jackson scores Alvaro Palacio to second
|
|
Batting: SHB Jared Boyce
|
0-0: Ball 1-0: Grounds into double play, 4-6-3 (Groundball, 4, EV 87.5 MPH)
|
| Top of the 9th over - 1 run, 1 hit, 0 errors, 1 left on base; Delmarva 6 - Kannapolis 3 |
| BOTTOM OF THE 9TH |
|
Kannapolis Intimidators batting - Pitching for Delmarva Shorebirds : LHP Juan Becerra
|
|
Pitching: RHP Josh Blankenship
|
|
|
Batting: SHB Josh Conner
|
0-0: Foul Ball, location: 2F 0-1: Ball 1-1: Ball 2-1: Ball 3-1: Foul Ball, location: 2F 3-2: Foul Ball, location: 2F 3-2: Base on Balls
|
|
Pinch Hitting: LHB Kevin Rolison
|
0-0: Ball 1-0: TRIPLE (Flyball, 89XD, EV 95.6 MPH) Josh Conner scores
|
|
Pinch Hitting: SHB Ivan Barry
|
0-0: SINGLE (Line Drive, 8RS, EV 97.5 MPH) Kevin Rolison scores
|
|
Batting: RHB Adam Lambert
|
0-0: Bunted foul 0-1: Bunted foul 0-2: Ball 1-2: Ground out 4-3 (Groundball, 4M, EV 110.6 MPH) Ivan Barry to second
|
|
Batting: RHB Josiah Wright
|
0-0: Ball 1-0: Called Strike 1-1: TRIPLE (Flyball, 78XD, EV 96.2 MPH) Ivan Barry scores
|
|
Batting: SHB Ruben Velasco Jr.
|
0-0: Intentional Walk
|
|
Batting: RHB Vic Lucatero
|
0-0: Foul Ball, location: 2F 0-1: Ball 1-1: Swinging Strike 1-2: Ball 2-2: Foul Ball, location: 2F 2-2: Ball 3-2: Strikes out swinging
|
|
Pitching: RHP Dou-guan Ti
|
|
|
Batting: RHB Mark Jones
|
0-0: Foul Ball, location: 2F 0-1: Ball 1-1: Ball 2-1: Foul Ball, location: 2F 2-2: Fielders Choice at 2nd, 6-4 (Groundball, 6, EV 100.6 MPH)
|
| Bottom of the 9th over - 3 runs, 3 hits, 0 errors, 2 left on base; Delmarva 6 - Kannapolis 6 |
| TOP OF THE 10TH |
|
Delmarva Shorebirds batting - Pitching for Kannapolis Intimidators : RHP Ron Knowles
|
|
Pitching: LHP Jonas Jennings
|
|
|
Now at 1B: Kevin Rolison
|
|
|
Now at 2B: Ivan Barry
|
|
|
Now at SS: Mark Jones
|
|
|
Batting: RHB Francisco Viera
|
0-0: Ground out 3-1 (Groundball, 34, EV 87.5 MPH)
|
|
Pinch Hitting: RHB Jon Zimmerman
|
0-0: Ground out 1-3 (Groundball, P, EV 65.0 MPH)
|
|
Pinch Hitting: RHB Alex Valencia
|
0-0: Ball 1-0: Called Strike 1-1: Foul Ball, location: 2F 1-2: Ground out 6-3 (Groundball, 56, EV 88.1 MPH)
|
| Top of the 10th over - 0 runs, 0 hits, 0 errors, 0 left on base; Delmarva 6 - Kannapolis 6 |
| BOTTOM OF THE 10TH |
|
Kannapolis Intimidators batting - Pitching for Delmarva Shorebirds : RHP Dou-guan Ti
|
|
Now at 3B: Jon Zimmerman
|
|
|
Now in RF: Rodolfo Montes
|
|
|
Pinch Hitting: SHB Matt Childers
|
0-0: Fly out, F9 (Flyball, 9, EV 84.4 MPH)
|
|
Batting: SHB Josh Conner
|
0-0: Ball 1-0: Ground out 4-3 (Groundball, 34, EV 105.0 MPH)
|
|
Batting: LHB Kevin Rolison
|
0-0: Ball 1-0: Ball 2-0: Ball 3-0: Called Strike 3-1: Fly out, F8 (Flyball, 78D, EV 85.0 MPH)
|
| Bottom of the 10th over - 0 runs, 0 hits, 0 errors, 0 left on base; Delmarva 6 - Kannapolis 6 |
| TOP OF THE 11TH |
|
Delmarva Shorebirds batting - Pitching for Kannapolis Intimidators : LHP Jonas Jennings
|
|
Now at C: Bill Williams
|
|
|
Batting: RHB Lee Deason
|
0-0: Ball 1-0: Foul Ball, location: 2F 1-1: Ball 2-1: Ground out 6-3 (Groundball, 6, EV 85.6 MPH)
|
|
Batting: LHB Eric Jackson
|
0-0: Foul Ball, location: 2F 0-1: Ball 1-1: Ball 2-1: Foul Ball, location: 2F 2-2: Foul Ball, location: 2F 2-2: Ball 3-2: Fly out, F8 (Flyball, 8LM, EV 93.8 MPH)
|
|
Batting: LHB Tim Mulholland
|
0-0: Ground out 6-3 (Groundball, 6, EV 104.4 MPH)
|
| Top of the 11th over - 0 runs, 0 hits, 0 errors, 0 left on base; Delmarva 6 - Kannapolis 6 |
| BOTTOM OF THE 11TH |
|
Kannapolis Intimidators batting - Pitching for Delmarva Shorebirds : RHP Dou-guan Ti
|
|
Batting: SHB Ivan Barry
|
0-0: Called Strike 0-1: SINGLE (Groundball, 56S, EV 63.8 MPH) (infield hit)
|
|
Batting: RHB Adam Lambert
|
0-0: Ball 1-0: Ball 2-0: Sac Bunt to 13S - play at first, batter OUT! 1-3 Ivan Barry to second
|
|
Batting: RHB Josiah Wright
|
0-0: Ball 1-0: Ball 2-0: Ball Wild Pitch! Ivan Barry to third 3-0: Called Strike 3-1: Base on Balls
|
|
Batting: SHB Ruben Velasco Jr.
|
0-0: Fly out, F4 (Flyball, 4D, EV 91.2 MPH)
|
|
Batting: RHB Vic Lucatero
|
0-0: Ball 1-0: Ball 2-0: Fly out, F8 (Flyball, 8RM, EV 91.2 MPH)
|
| Bottom of the 11th over - 0 runs, 1 hit, 0 errors, 2 left on base; Delmarva 6 - Kannapolis 6 |
| TOP OF THE 12TH |
|
Delmarva Shorebirds batting - Pitching for Kannapolis Intimidators : LHP Jonas Jennings
|
|
Pitching: RHP Larry Cassano
|
|
|
Pinch Hitting: LHB Tom Edwards
|
0-0: Ball 1-0: Ball 2-0: Called Strike 2-1: Called Strike 2-2: Hit by Pitch
|
|
Batting: LHB Mike Sloan
|
0-0: Fielders Choice at 2nd, 1-6 (Groundball, 34S, EV 67.5 MPH)
|
|
Batting: SHB Jared Boyce
|
0-0: Ball 1-0: Ball 2-0: Foul Ball, location: 2F 2-1: Foul Ball, location: 2F 2-2: Ball 3-2: Foul Ball, location: 2F 3-2: Base on Balls Mike Sloan to second
|
|
Batting: RHB Francisco Viera
|
0-0: Ball 1-0: Ball 2-0: Ball 3-0: Called Strike 3-1: Called Strike 3-2: 3-RUN HOME RUN (Line Drive, 7D, EV 95.6 MPH), Distance : 364 ft
|
|
Pitching: RHP Frank Gamez
|
|
|
Batting: RHB Jon Zimmerman
|
0-0: Ball 1-0: Ball 2-0: Ball 3-0: Called Strike 3-1: Foul Ball, location: 2F 3-2: Base on Balls
|
|
Batting: LHB Rodolfo Montes
|
0-0: Ball 1-0: Swinging Strike 1-1: Ball 2-1: Called Strike 2-2: Foul Ball, location: 2F 2-2: Strikes out looking
|
|
Batting: RHB Lee Deason
|
0-0: Swinging Strike 0-1: Foul Ball, location: 2F 0-2: Ball 1-2: Fly out, F9 (Flyball, 89M, EV 83.8 MPH)
|
| Top of the 12th over - 3 runs, 1 hit, 0 errors, 1 left on base; Delmarva 9 - Kannapolis 6 |
| BOTTOM OF THE 12TH |
|
Kannapolis Intimidators batting - Pitching for Delmarva Shorebirds : RHP Dou-guan Ti
|
|
Now in LF: Tom Edwards
|
|
|
Batting: RHB Mark Jones
|
0-0: Called Strike 0-1: Ball 1-1: Ball 2-1: Ground out 6-3 (Groundball, 6, EV 83.1 MPH)
|
|
Pinch Hitting: LHB Preston Knaak
|
0-0: Foul Ball, location: 2F 0-1: Ball 1-1: SINGLE (Flyball, 8RS, EV 91.9 MPH)
|
|
Batting: SHB Josh Conner
|
0-0: Ball 1-0: Called Strike 1-1: Ball 2-1: Called Strike 2-2: Reached on error, E8 (Flyball, 8RM, EV 81.2 MPH) Preston Knaak to second
|
|
Batting: LHB Kevin Rolison
|
0-0: Called Strike 0-1: Ball 1-1: Foul Ball, location: 2F 1-2: Fly out, F3 (Line Drive, 3L, EV 68.8 MPH) Lined into DP, 3-6 (Line Drive, 3L, EV 66.2 MPH)
|
| Bottom of the 12th over - 0 runs, 1 hit, 1 error, 1 left on base; Delmarva 9 - Kannapolis 6 |
|